 Dungeon Crawl Stone Soup version 0.30.0-29-ga12c61a403 (webtiles) character file.

Game seed: 14685622551178710849

4169 Fodor the Basher (level 10, -1/88 HPs)
             Began as a Minotaur Fighter on June 16, 2023.
             Was an Initiate of Wu Jian.
             Slain by a yak (11 damage)
             ... on level 7 of the Dungeon.
             The game lasted 00:35:31 (7116 turns).

Fodor the Basher (Minotaur Fighter)                 Turns: 7116, Time: 00:35:32

Health: -1/88      AC: 12    Str: 25    XL:     10   Next: 7%
Magic:  9/9        EV: 10    Int:  5    God:    Wu Jian [......]
Gold:   227        SH:  5    Dex: 16    Spells: 9/9 levels left

rFire   . . .        b - +4 great mace (protect)
rCold   . . .        (shield currently unavailable)
rNeg    . . .        k - +1 chain mail
rPois   .            (helmet restricted)
rElec   .            (no cloak)
rCorr   .            (no gloves)
SInv    .            (no boots)
Will    .....        o - amulet of reflection Stlth
                     A - +6 ring of dexterity
HPRegen 0.34/turn    (no ring)
MPRegen 0.11/turn

%: reflection
@: lethally poisoned (-1 -> -2)
A: horns 2, retaliatory headbutt
a: Renounce Religion


You were on level 7 of the Dungeon.
You worshipped Wu Jian.
Wu Jian was noncommittal.
You visited 2 branches of the dungeon, and saw 9 of its levels.

You collected 278 gold pieces.
You spent 51 gold pieces at shops.

Inventory:

Hand Weapons
 a - a +0 heavy long sword
 b - a +4 great mace of protection (weapon)
Missiles
 f - 42 stones
 j - 5 javelins (quivered)
 D - a curare-tipped dart
Armour
 c - a +0 buckler
 k - a +1 chain mail (worn)
Jewellery
 o - an amulet of reflection (around neck)
 r - a ring of protection from fire
 A - a +6 ring of dexterity (left hand)
 F - a ring of protection from cold
Wands
 q - a wand of flame (26)
Scrolls
 m - 2 scrolls of magic mapping
 u - a scroll of blinking {unknown}
 v - 2 scrolls of noise
 y - 3 scrolls of brand weapon
 z - a scroll of immolation {unknown}
 C - a scroll of fear {unknown}
Potions
 d - a potion of might
 g - 2 potions of degeneration
 h - a potion of magic {unknown}
 i - a potion of brilliance {unknown}
 l - 2 potions of haste {unknown}
 n - a potion of attraction {unknown}
 p - a potion of flight {unknown}
 s - 2 potions of curing {unknown}
 t - a potion of resistance {unknown}
 w - a potion of berserk rage {unknown}
 x - 2 potions of lignification {unknown}
 B - 2 potions of mutation {unknown}
 E - a potion of experience {unknown}
 G - a potion of cancellation {unknown}


   Skills:
 + Level 7.8 Fighting
 + Level 3.2 Long Blades
 + Level 12.1 Maces & Flails
 + Level 0.8 Throwing
 + Level 8.6 Armour
 + Level 3.1 Dodging
 + Level 0.8 Stealth
 + Level 6.1 Shields


You had 9 spell levels left.
You didn't know any spells.
Your spell library contained the following spells:

 Spells                   Type           Power      Damage    Failure   Level
 Freeze                   Ice            0%         1d3       92%         1
 Kiss of Death            Conj/Necr      0%         2d5       92%         1
 Sting                    Tmut/Pois      0%         1d3       92%         1
 Blink                    Tloc           0%         N/A       98%         2
 Lesser Beckoning         Tloc           0%         N/A       98%         2
 Momentum Strike          Conj/Tloc      0%         3d8       98%         2
 Poisonous Vapours        Pois/Air       0%         N/A       98%         2
 Confusing Touch          Hex            0%         N/A       100%        3
 Dazzling Flash           Conj/Hex       0%         N/A       100%        3
 Frozen Ramparts          Ice            0%         1d1       100%        3
 Hailstorm                Conj/Ice       0%         3d3       100%        3
 Portal Projectile        Hex/Tloc       0%         N/A       100%        3
 Tukima's Dance           Hex            0%         N/A       100%        3
 Volatile Blastmotes      Fire/Tloc      0%         2d10      100%        3
 Dispel Undead            Necr           0%         3d6       100%        4
 Iskenderun's Mystic Bla  Conj/Tloc      0%         2d3       100%        4
 Manifold Assault         Tloc           0%         N/A       100%        4
 Olgreb's Toxic Radiance  Pois           0%         N/A       100%        4
 Blade Hands              Tmut           0%         N/A       100%        5
 Starburst                Conj/Fire      0%         6d3       100%        6
 Storm Form               Tmut/Air       0%         N/A       100%        7


Dungeon Overview and Level Annotations

Branches:
Dungeon (8/15)             Temple (1/1) D:7
   Lair: D:8-11

Altars:
Cheibriados
Dithmenos
Elyvilon
Fedhas
Gozag
Hepliaklqana
Kikubaaqudgha
Makhleb
Nemelex Xobeh
Okawaru
Qazlal
Ru
Sif Muna
Trog
Uskayaw
Vehumet
Wu Jian
Xom
Yredelemnul
Zin
The Shining One

Shops:
D:2 *   D:6 (


Innate Abilities, Weirdness & Mutations

You have a pair of horns on your head.
You reflexively headbutt those who attack you in melee.


Message History

You feel very sick.
The killer bee stings you but does no damage.
The yak closely misses you. You furiously retaliate!
You headbutt the yak! The yak gores you but does no damage.
The killer bee completely misses you.
Your Shields skill increases to level 6!
You thump the wyvern! Your headbutt misses the wyvern.
The wyvern is moderately wounded.
You feel sick. The killer bee closely misses you.
You block the wyvern's attack. You block the yak's attack. The yak misses you.
The killer bee stings you. The wyvern bites you!
You barely miss the wyvern.
The wyvern is moderately wounded.
You feel sick.
The killer bee stings you but does no damage.
The wyvern bites you but does no damage.
The yak gores you! The yak barely misses you. You furiously retaliate!
You headbutt the yak! The killer bee misses you. You furiously retaliate!
You headbutt the killer bee. The wyvern bites you.
* * * LOW HITPOINT WARNING * * *
You feel much better.
You feel sick. You block the killer bee's attack. The yak gores you.
The yak gores you but does no damage.
The wyvern bites you but does no damage.
The killer bee closely misses you. You furiously retaliate!
You headbutt the killer bee!
You kill the killer bee!
The Council accepts your kill.
You barely miss the wyvern. You headbutt the wyvern!
The wyvern is heavily wounded.
You feel sick. The wyvern barely misses you. You furiously retaliate!
You headbutt the wyvern! The yak gores you!
The yak gores you but does no damage. The wyvern closely misses you.
The yak closely misses you. The yak gores you!
* * * LOW HITPOINT WARNING * * *
The yak barely misses you.
You barely miss the wyvern. You headbutt the wyvern.
The wyvern is almost dead.
You feel sick. The wyvern bites you!
* * * LOW HITPOINT WARNING * * *
The yak gores you!
You die...

.############
...)........#
.##########.# #### .# #.#
#... .# #.# ##.#. .# #.#
####.##. .# #.# #####
#.#.##.. .# ####.##
#YYo########.##..# .#
#.....# #@Yo.......####.##
.# #.....#
#l##.######.....## .#
#.....# #Y##.#...##.))...#
.#
#.....###.##...#.#..)#....
.#
####................###...
.######
######.#######..#.#....
.##...# ########'###
#.#.###..#
.##...###..........#
#)#..#..#.
..'...'.'..........#
#......#.#


You could see 4 yaks, a wyvern and 2 orcs.

Vanquished Creatures
  Pikel (D:5)
  A troll (D:5)
  Grinder (D:4)
  2 yaks (D:7)
  Eustachio (D:5)
  Menkaure (D:4)
  Edmund (D:4)
  2 water moccasins
  An orc warrior (D:7)
  4 black bears
  3 ice beasts
  A sky beast (D:7)
  An ogre (D:4)
  A lemure (D:5)
  A kobold brigand (D:5)
  A phantom (D:7)
  4 scorpions (D:7)
  A killer bee (D:7)
  2 jellies (D:6)
  6 hounds
  3 orc priests
  5 orc wizards
  Natasha (thrice) (D:4)
  8 iguanas
  2 sleepcaps (D:5)
  4 gnolls (D:6)
  11 adders
  2 shadow imps
  2 white imps
  2 worms
  5 dart slugs
  25 orcs
  3 bats
  12 endoplasms
  3 giant cockroaches
  12 goblins
  9 hobgoblins
  3 jackals (D:1)
  3 kobolds
  A quokka (D:5)
  7 ball pythons
  4 frilled lizards
  7 rats
172 creatures vanquished.

Vanquished Creatures (others)
  A phantom (D:6)
1 creature vanquished.

Grand Total: 173 creatures vanquished

Notes
Turn   | Place    | Note
-------+----------+-------------------------------------------
     0 | D:1      | Fodor the Minotaur Fighter began the quest for the Orb.
     0 | D:1      | Reached XP level 1. HP: 19/19 MP: 0/0
   103 | D:1      | Reached XP level 2. HP: 27/27 MP: 1/1
   508 | D:1      | Reached XP level 3. HP: 33/33 MP: 2/2
   745 | D:2      | Found Covytz's Assorted Antiques.
   880 | D:2      | Bought a fuming ruby potion for 24 gold pieces
   880 | D:2      | Bought a scroll labelled RYOVVA YMICKE for 27 gold pieces
   884 | D:2      | Identified a scroll of acquirement
   884 | D:2      | Acquired a +3 great mace of protection
  1405 | D:2      | Reached XP level 4. HP: 32/40 MP: 3/3
  1657 | D:3      | Reached skill level 1 in Maces & Flails
  1769 | D:3      | Found a shimmering altar of Xom.
  1769 | D:3      | Found a radiant altar of Vehumet.
  1769 | D:3      | Found a hazy altar of Hepliaklqana.
  1769 | D:3      | Found a sacrificial altar of Ru.
  1771 | D:3      | Found a stormy altar of Qazlal.
  1778 | D:3      | Found a bloodstained altar of Trog.
  1779 | D:3      | Found a shadowy altar of Dithmenos.
  1981 | D:3      | Noticed a black bear
  1983 | D:3      | Noticed a black bear
  1994 | D:3      | Killed a black bear
  1995 | D:3      | Reached skill level 3 in Maces & Flails
  1995 | D:3      | Reached skill level 5 in Armour
  1995 | D:3      | Reached skill level 1 in Dodging
  1995 | D:3      | Reached XP level 5. HP: 19/46 MP: 4/4
  1996 | D:3      | Killed a black bear
  1997 | D:3      | Reached XP level 6. HP: 23/53 MP: 5/5
  2658 | D:4      | Reached skill level 4 in Maces & Flails
  2721 | D:4      | Noticed Edmund
  2732 | D:4      | Killed Edmund
  2733 | D:4      | Reached skill level 5 in Maces & Flails
  2890 | D:4      | Noticed Grinder
  2891 | D:4      | Noticed Natasha
  2898 | D:4      | Killed Grinder
  2899 | D:4      | Reached skill level 5 in Fighting
  2899 | D:4      | Reached skill level 6 in Maces & Flails
  2899 | D:4      | Reached XP level 7. HP: 32/61 MP: 6/6
  2904 | D:4      | Killed Natasha
  3047 | D:4      | Noticed Menkaure
  3054 | D:4      | Killed Menkaure
  3083 | D:4      | Noticed Natasha
  3090 | D:4      | Killed Natasha
  3119 | D:4      | You fall into a shaft and drop 3 floors!
  3153 | D:7      | Reached skill level 7 in Maces & Flails
  3153 | D:7      | Reached XP level 8. HP: 70/70 MP: 7/7
  3192 | D:7      | Reached skill level 5 in Shields
  3263 | D:7      | Found a glowing golden altar of the Shining One.
  3293 | D:7      | Reached skill level 8 in Maces & Flails
  3548 | D:6      | Found Wirya's Antique Weapon Shoppe.
  3791 | D:6      | Reached skill level 9 in Maces & Flails
  3931 | D:5      | Entered Level 5 of the Dungeon
  3931 | D:5      | Noticed Eustachio
  3933 | D:5      | Killed Eustachio
  3934 | D:5      | Noticed Pikel
  3944 | D:5      | Killed Pikel
  3945 | D:5      | Reached skill level 10 in Maces & Flails
  3945 | D:5      | Reached XP level 9. HP: 67/78 MP: 8/8
  4055 | D:4      | Noticed Natasha
  4062 | D:4      | Killed Natasha
  4503 | D:5      | Reached skill level 11 in Maces & Flails
  4728 | D:5      | Noticed a troll
  4733 | D:5      | Killed a troll
  6377 | D:7      | Found a staircase to the Ecumenical Temple.
  6399 | Temple   | Entered the Ecumenical Temple
  6428 | Temple   | Became a worshipper of the Wu Jian Council
  6672 | D:7      | Reached skill level 12 in Maces & Flails
  6930 | D:7      | Reached XP level 10. HP: 31/88 MP: 9/9
  7116 | D:7      | Slain by a yak

Illustrated notes

Levels and vault maps discovered:
D:1:      lightli_arrival_chessboard, layout_loops_ring, minmay_cut_off
D:2:      layout_basic, serial_shops, nicolae_shop_tiny_glass
D:3:      minmay_inner_zag, layout_basic, minitemple
D:4:      layout_cave_pools, uniq_grinder, uniq_natasha, uniq_edmund,
          uniq_menkaure
D:5:      kennysheep_windowed_halls, layout_basic, uniq_pikel, uniq_eustachio
D:6:      layout_basic, serial_shops, shop, lemuel_flamethrower_2
D:7:      hellmonk_destroyed_diamonds, layout_basic, general_overflow_altar,
          minmay_temple_entry_glassed_door, reono_crystal_passage,
          amethyst_killhole
D:8:      layout_rooms, cheibrodos_ashenzari_chains, erik_lair_orcish_takeover,
          serial_shops, nicolae_shop_window_shopping, minmay_misc_feat_square,
          uniq_grum
Temple:   compressed_dpeg_triangle_lava_temple

Skill      XL: |  1  2  3  4  5  6  7  8  9 10 |
---------------+-------------------------------+-----
Armour         | 4 5 6 7 8 |  8.6
Fighting       | 4 5 6 7 |  7.8
Shields        | 4 5 6 |  6.1
Long Blades    | 3 |  3.2
Maces & Flails | 3 6 7 10 12 | 12.1
Dodging        | 1 2 3 |  3.1
Throwing       | |  0.8
Stealth        | |  0.8

Action                     |  1- 3 |  4- 6 |  7- 9 | 10-12 || total
---------------------------+-------+-------+-------+-------++-------
  Melee: Long sword        |    71 |       |       |       ||    71
         Headbutt          |     3 |    13 |    37 |     2 ||    55
         Great mace        |    19 |    91 |   225 |     8 ||   343
  Throw: Stone             |     1 |       |       |       ||     1
         Javelin           |       |     1 |     5 |       ||     6
  Evoke: Wand              |       |       |     1 |       ||     1
    Use: Scroll            |     6 |       |     7 |       ||    13
         Potion            |       |       |       |     3 ||     3
 Armour: Scale mail        |    33 |       |       |       ||    33
         Chain mail        |    38 |    91 |   148 |    23 ||   300
  Dodge: Dodged            |    55 |    74 |    91 |    34 ||   254
  Block: Buckler           |    25 |       |       |       ||    25
         Other             |       |    46 |    69 |    11 ||   126
